 Dungeon Crawl Stone Soup version 0.31-a0-460-g9e667d4245 (webtiles) character file.

Game seed: 16987795001785420871

165717 GloriousHammer the Tortoise (level 17, 0/169 HPs)
             Began as an Armataur Berserker on Aug 3, 2023.
             Was an Elder of Trog.
             Slain by a mana viper (12 damage)
             ... on level 3 of the Snake Pit on Aug 4, 2023.
             The game lasted 01:42:23 (37108 turns).

GloriousHammer the Tortoise (Armataur Berserker)   Turns: 37108, Time: 01:42:23

Health: 0/169      AC: 26    Str: 33    XL:     17   Next: 28%
Magic:  10/26      EV:  3    Int:  9    God:    Trog [****..]
Gold:   1931       SH: 18    Dex:  7    Spells: 16/16 levels left

rFire   + . .        K - +4 eveningstar "Zehylo" {flame, +Blink Fly rN+++ Dex-2}
rCold   . . .        E - +2 tower shield {rC+}
rNeg    + + +        R - +1 plate armour of Going Fast {Rampage +Inv Regen+ Stlth-}
rPois   +            Q - +2 hat
rElec   .            y - +2 cloak {rCorr}
rCorr   +            U - +2 pair of gloves {Str+3}
SInv    .            (no barding)
Will    +....        A - amulet of the acrobat Stlth
                     z - ring of Ciavvesa {rPois rN+ MP+9}
HPRegen 1.28/turn    F - ring of fire
MPRegen 0.20/turn

%: acrobat, roll
@: lethally poisoned (0 -> 0), on berserk cooldown, flying, hasted and slowed,
constricted
A: large, rugged brown scales 3, deformed body, armoured tail, roll, long
tongue, awkward tongue
a: Renounce Religion, Evoke Blink, Evoke Invisibility, Berserk, Trog's Hand,
Brothers in Arms


You were on level 3 of the Snake Pit.
You worshipped Trog.
Trog was greatly pleased with you.
You visited 5 branches of the dungeon, and saw 26 of its levels.
You also visited: Sewer and Ice Cave.

You collected 3130 gold pieces.
You spent 1199 gold pieces at shops.

Inventory:

Hand Weapons
 a - a +3 demon whip of venom
 b - the +1 great mace of Joyful Slaughter {vamp, rN+ Int+2 Stlth-}
   (You took it off a wight on level 10 of the Dungeon)

   Int:       It affects your intelligence (+2).
   rN:        It protects you from negative energy.
   Stlth:     It makes you less stealthy.
 K - the +4 eveningstar "Zehylo" (weapon) {flame, +Blink Fly rN+++ Dex-2}
   (Trog gifted it to you on level 14 of the Dungeon)

   Dex:       It affects your dexterity (-2).
   rN:        It renders you almost immune to negative energy.
   Fly:       It grants you flight.
   +Blink:    It lets you blink.
 V - a +4 antimagic dagger
Missiles
 s - 5 atropa-tipped darts
 G - 2 curare-tipped darts
 H - 16 poisoned darts
 T - 22 boomerangs
 Y - 10 javelins
Armour
 y - a +2 cloak of preservation (worn)
 E - a +2 tower shield of cold resistance (worn)
 Q - a +2 hat (worn)
 R - the +1 plate armour of Going Fast (worn) {Rampage +Inv Regen+ Stlth-}
   (You found it on level 2 of the Lair of Beasts)

   +Inv:      It lets you turn invisible.
   Regen:     It increases your rate of health regeneration.
   Rampage:   It bestows one free step when moving towards enemies.
   Stlth:     It makes you less stealthy.
 U - a +2 pair of gloves of strength (worn)
 Z - a +1 chain mail of fire resistance
Jewellery
 v - a ring of see invisible
 z - the ring of Ciavvesa (left hand) {rPois rN+ MP+9}
   (You found it on level 13 of the Dungeon)

   [ring of magical power]

   rPois:     It protects you from poison.
   rN:        It protects you from negative energy.
   MP:        It affects your magic capacity (+9).
 A - an amulet of the acrobat (around neck)
 C - a ring of protection from cold
 F - a ring of fire (right hand)
 S - a +6 ring of strength
Wands
 g - a wand of polymorph (15)
 i - a wand of mindburst (9)
 m - a wand of charming (9)
 p - a wand of digging (5)
 t - a wand of flame (65)
 L - a wand of iceblast (32)
 W - a wand of acid (8)
Scrolls
 e - 2 scrolls of brand weapon
 j - 3 scrolls of immolation
 l - 2 scrolls of revelation
 r - a scroll of summoning
 u - 3 scrolls of silence
 x - 2 scrolls of fear
 B - a scroll of blinking
 J - 2 scrolls of fog
 M - 7 scrolls of teleportation
 N - 3 scrolls of torment
Potions
 c - 4 potions of attraction
 d - 3 potions of resistance
 f - 2 potions of cancellation {unknown}
 h - 9 potions of ambrosia
 n - 4 potions of curing
 o - 6 potions of might
 q - 5 potions of enlightenment
 D - 8 potions of mutation
 I - 2 potions of haste
 O - 4 potions of magic {unknown}
 P - 2 potions of lignification
 X - 3 potions of degeneration {unknown}
Miscellaneous
 k - a tin of tremorstones (2/2)


   Skills:
 - Level 15.9 Fighting
 - Level 14.0 Maces & Flails
 - Level 8.6 Throwing
 - Level 17.1 Armour
 - Level 2.0 Dodging
 - Level 4.0 Stealth
 + Level 13.1 Shields
 - Level 9.3 Evocations


You had 16 spell levels left.
You didn't know any spells.
Your spell library was empty.

Dungeon Overview and Level Annotations

Branches:
Dungeon (15/15)            Temple (1/1) D:4            Lair (5/5) D:11
 Shoals (0/4) Lair:3        Snake (3/4) Lair:3        Slime (0/5) Lair:5
    Orc (2/2) D:12            Elf (0/3) Orc:2        Vaults (0/5) D:14
 Depths (0/4) D:15          Sewer (visited)           IceCv (visited)

Altars:
Ashenzari
Cheibriados
Dithmenos
Elyvilon
Fedhas
Gozag
Hepliaklqana
Kikubaaqudgha
Makhleb
Nemelex Xobeh
Okawaru
Qazlal
Ru
Sif Muna
Trog
Uskayaw
Vehumet
Wu Jian
Xom
Yredelemnul
Zin
The Shining One
Jiyva

Shops:
D:1 *   D:4 [   D:12 =   Orc:2 [?(*   Snake:1 *[   Snake:2 *   Snake:3 [*

Portals:
Hell: Lair:5

Annotations:
D:9 fly vault, exclusion: centaur
D:11 exclusion: downstairs
D:15 Roxanne
Snake:3 Aizul


Innate Abilities, Weirdness & Mutations

You are completely covered in rugged brown scales. (AC +3, +7% HP)
Armour fits poorly on your strangely shaped body.
You have a long armoured tail.
You roll when moving toward enemies. (Rampage)
Your long tongue fully drains potion bottles. (2x potion effects)
Your tongue gives you trouble enunciating. (1.5x scroll delay)


Message History

* * * LOW HITPOINT WARNING * * *
The mana viper bites you!
* * * LOW HITPOINT WARNING * * *
You feel your power leaking away. The mana viper barely misses you.
The naga spits poison at you. You block the splash of poison.
Unknown command.
You escape the anaconda's grasp.
The black mamba attacks as you move away!
The black mamba bites you but does no damage.
You feel sick.
You see here a black mamba corpse.
Unknown command.
The black mamba attacks as you move away!
You block the black mamba's attack.
You feel a strong urge to attack something.
You feel very sick.
A naga sharpshooter comes into view. It is wielding a +0 war axe.
You block the naga's attack. x2
Unknown command.
Unknown command.
Unknown command.
You feel sick. You block the mana viper's attack.
Unknown command.
You feel your anger nearly subside.
You feel sick. You block the black mamba's attack.
Unknown command.
The black mamba attacks as you move away!
You block the black mamba's attack.
You feel sick. Aizul casts a spell at you.
The bolt of poison hits the guardian serpent.
The bolt of poison hits you. You resist.
* * * LOW HITPOINT WARNING * * *
The black mamba misses you.
The black mamba attacks as you move away!
The black mamba bites you but does no damage.
Your blood rage is quickly leaving you.
You are no longer berserk.
You are exhausted.
You feel yourself slow down.
You feel sick.
The guardian serpent coils itself and waves its upper body at you.
The bolt of poison misses the black mamba.
The bolt of poison hits you.
You are more poisoned.
You resist.
* * * LOW HITPOINT WARNING * * *
You feel much better.
You slurp down every last drop of the potion of heal wounds!
You feel extremely sick.
The mana viper bites you but does no damage.
The mana viper bites you.
You feel your power leaking away. You block the anaconda's attack. x2
You feel yourself speed up.
You slurp down every last drop of the potion of haste!
You feel very sick. You block the mana viper's attack. The anaconda grabs you.
The anaconda bites you!
* * * LOW HITPOINT WARNING * * *
The anaconda constricts you. You block the mana viper's attack.
The anaconda bites you!
* * * LOW HITPOINT WARNING * * *
The anaconda constricts you.
* * * LOW HITPOINT WARNING * * *
You escape the anaconda's grasp.
You feel very sick. The anaconda attacks as you move away!
You block the anaconda's attack. The anaconda misses you.
You feel sick.
You feel sick. You block the anaconda's attack.
The anaconda closely misses you.
Found a chain mail.
The sentinel's mark upon you fades away.
You feel sick. The anaconda closely misses you.
You block the anaconda's attack.
Found 3 stones.
You feel sick. The anaconda barely misses you. You block the anaconda's attack.
You feel sick. The anaconda attacks as you move away!
You block the anaconda's attack.
The anaconda bites you but does no damage.
You feel sick.
The guardian serpent coils itself and waves its upper body at you.
The naga sharpshooter blinks into view!
The black mamba blinks!
Aizul blinks!
The mana viper blinks!
The black mamba blinks into view!
The anaconda blinks!
The mana viper blinks!
You completely miss the mana viper.
You feel sick. You block the anaconda's attack.
The anaconda bites you but does no damage.
You block the black mamba's attack. The mana viper barely misses you.
The black mamba bites you.
* * * LOW HITPOINT WARNING * * *
The naga sharpshooter unwields a +0 war axe.
The naga sharpshooter wields a +0 shortbow.
The naga sharpshooter casts a spell.
The naga sharpshooter magically shoots an arrow.
The arrow hits you but does no damage. Aizul hits you but does no damage.
The anaconda grabs you. The anaconda bites you!
* * * LOW HITPOINT WARNING * * *
The anaconda constricts you. The mana viper bites you!
You die...

### ##.# #####.(.#
...#...[### #......<..##
.#....#....#
#....?SSS..# #...)S@N.#
.##....SSN.#
..#.....§..# #.......§.#
#.......§.######
#.........S)[..#########
#..........###).........
##.....###.# #####.#####
##.....SS.N# #.#


You could see Aizul, a naga sharpshooter, a salamander, an anaconda, 2 mana
vipers, a guardian serpent and 2 black mambas.

Vanquished Creatures
  Vashnia (Snake:3)
  Saint Roka (Snake:2)
  Rupert (D:12)
  Gastronok (D:8)
  Kirke (Lair:5)
  A nagaraja (Snake:3)
  A frost giant (IceCv)
  The ghost of Newt the Markskobold, an adept KoHu of Hepliaklqana (Snake:2)
  Snorg (Orc:1)
  Josephine (D:12)
  2 rakshasas (D:14)
  Erolcha (D:12)
  6 vault guards (D:14)
  A hell beast (Lair:5)
  Fannar (D:12)
  2 catoblepae (D:13)
  8 hydras
  6 anacondas
  A salamander tyrant (Snake:2)
  An ogre mage (D:15)
  8 centaur warriors
  A boulder beetle (D:14)
  11 two-headed ogres
  20 death yaks
  3 orc high priests (Orc:2)
  6 naga warriors
  3 shock serpents (Snake:3)
  Urug (Lair:2)
  3 tengu warriors
  10 naga sharpshooters
  Nergalle (Lair:2)
  Amaemon (Lair:2)
  3 skysharks
  A salamander mystic (Snake:2)
  3 naga ritualists
  A flayed ghost (D:11)
  An obsidian statue (Snake:2)
  6 orc knights
  A wizard (Lair:5)
  A necromancer (D:15)
  A wolf spider zombie (D:15)
  6 deep elf pyromancers
  A deep elf zephyrmancer (D:15)
  A wolf spider (D:15)
  5 mana vipers
  2 oklob plants (Lair:2)
  15 ugly things
  5 orc sorcerers
  4 cyclopes
  4 manticores
  5 salamanders
  A guardian serpent (Snake:2)
  An elephant (Lair:5)
  An ice statue (IceCv)
  13 naga magi
  Maurice (Orc:1)
  17 black mambas
  A torpor snail (Lair:5)
  A centaur skeleton (D:15)
  11 cane toads
  An orange demon (Lair:2)
  Maggie (Lair:2)
  11 rime drakes
  10 komodo dragons
  An efreet (D:13)
  4 kobold demonologists
  An unseen horror (D:13)
  A tengu conjurer (D:15)
  A redback zombie (D:15)
  2 ice devils (Lair:5)
  16 polar bears
  3 red devils (Lair:5)
  13 trolls
  3 meliai
  A hellwing (Lair:5)
  A queen bee (D:12)
  23 blink frogs
  A meliai (shapeshifter) (D:13)
  5 dream sheep (Lair:4)
  4 slime creatures (Lair:5)
  A spriggan (Lair:3)
  14 wraiths
  A shadow (D:11)
  14 wyverns
  7 basilisks
  5 humans (D:14)
  74 yaks
  2 fire bats (D:11)
  2 steam dragons
  2 death yak simulacra (Orc:2)
  22 nagas
  4 vampire mosquitoes (D:12)
  4 wargs
  3 acid dragons
  11 water moccasins
  An ice beast (D:5)
  2 sky beasts
  5 hell hounds (Lair:5)
  3 black bears
  6 ogres
  24 orc warriors
  17 wolves
  4 boggarts (D:14)
  4 centaurs
  A phantom (D:6)
  5 kobold brigands
  11 bullfrogs
  A cane toad simulacrum (Orc:2)
  2 scorpions
  3 two-headed ogre simulacra (Orc:2)
  13 wights
  22 killer bees
  An electric eel (D:8)
  3 howler monkeys
  3 lava snakes (Lair:3)
  A crimson imp (D:3)
  A hound (D:6)
  14 orc priests
  3 jellies
  Crazy Yiuf (D:4)
  A gnoll bouda (D:7)
  A sleepcap (D:4)
  Ijyb (D:4)
  4 hell rats (Lair:3)
  4 iguanas
  16 orc wizards
  A spriggan simulacrum (Orc:2)
  A troll simulacrum (Orc:2)
  Robin (D:4)
  10 gnolls
  11 adders
  2 river rats (Sewer)
  2 shadow imps
  A white imp (D:6)
  3 ufetubi
  6 worms
  53 orcs
  10 ball pythons
  6 endoplasms
  7 giant cockroaches
  6 goblins
  9 hobgoblins
  3 jackals (D:4)
  9 quokkas
  16 bats
  2 frilled lizards (D:2)
  14 kobolds
  9 rats
849 creatures vanquished.

Vanquished Creatures (collateral kills)
  A death yak (Lair:2)
  A black mamba (Lair:2)
  4 wolves (Lair:2)
  A bullfrog (Lair:2)
7 creatures vanquished.

Vanquished Creatures (others)
  A vault guard (D:14)
  4 humans (Lair:5)
5 creatures vanquished.

Grand Total: 861 creatures vanquished

Notes
Turn   | Place    | Note
-------+----------+-------------------------------------------
     0 | D:1      | GloriousHammer the Armataur Berserker began the quest for
                  | the Orb.
     0 | D:1      | Reached XP level 1. HP: 19/19 MP: 1/1
    54 | D:1      | Found Jigaongi's Assorted Antiques.
    65 | D:1      | Bought a red potion for 18 gold pieces
   221 | D:1      | Reached XP level 2. HP: 26/26 MP: 2/2
   367 | D:1      | Reached ** piety under Trog
   783 | D:1      | Bought 2 fizzy red potions for 36 gold pieces
   988 | D:2      | Found the +5 woodcutter's axe
  1158 | D:2      | Identified the orb of Least Resistance {*Rage, Rampage rF-
                  | rN+++ SInv}
  1184 | D:2      | Reached XP level 3. HP: 32/32 MP: 3/3
  1606 | D:3      | Found a sparkling altar of Nemelex Xobeh.
  1606 | D:3      | Found a hazy altar of Hepliaklqana.
  1606 | D:3      | Found a glowing golden altar of the Shining One.
  1657 | D:3      | Found a sacrificial altar of Ru.
  1698 | D:3      | Reached XP level 4. HP: 32/39 MP: 4/4
  1869 | D:3      | Found a broken altar of Ashenzari.
  1870 | D:3      | Reached *** piety under Trog
  2017 | D:3      | Found a stormy altar of Qazlal.
  2029 | D:3      | Found a shadowy altar of Dithmenos.
  2149 | D:3      | Found a burning altar of Makhleb.
  2150 | D:3      | Found a radiant altar of Vehumet.
  2154 | D:3      | Reached skill level 5 in Maces & Flails
  2299 | D:4      | Reached XP level 5. HP: 44/44 MP: 5/5
  2382 | D:4      | Found a runed translucent door.
  2383 | D:4      | Noticed Crazy Yiuf
  2400 | D:4      | Found a staircase to the Ecumenical Temple.
  2412 | Temple   | Entered the Ecumenical Temple
  2418 | D:4      | Noticed Ijyb
  2418 | D:4      | Noticed Robin
  2427 | D:4      | Killed Ijyb
  2433 | D:4      | Killed Robin
  2519 | D:4      | Found Mefas's Antique Armour Shoppe.
  2986 | D:4      | Killed Crazy Yiuf
  3181 | D:5      | Entered Level 5 of the Dungeon
  3315 | D:5      | Reached XP level 6. HP: 51/53 MP: 6/6
  3405 | D:5      | Noticed an ice beast
  3412 | D:5      | Killed an ice beast
  3413 | D:5      | Reached skill level 3 in Armour
  3480 | D:5      | Identified the +0 ring mail "Doetostri" {Dex+7 Slay+2}
  3505 | D:5      | Found an ancient bone altar of Kikubaaqudgha.
  3795 | D:5      | Upgraded the game from 0.31-a0-455-g1a7b003ef0 to
                  | 0.31-a0-460-g9e667d4245
  3872 | D:6      | Reached XP level 7. HP: 55/62 MP: 7/7
  3873 | D:6      | Noticed a steam dragon
  3882 | D:6      | Killed a steam dragon
  3883 | D:6      | Reached skill level 4 in Armour
  3928 | D:6      | Found a shimmering altar of Xom.
  3932 | D:6      | Reached skill level 5 in Fighting
  3988 | D:6      | Noticed a two-headed ogre
  4327 | D:6      | Found a glowing drain.
  4330 | D:6      | Reached **** piety under Trog
  4345 | Sewer    | Entered a sewer
  4395 | Sewer    | Reached XP level 8. HP: 72/72 MP: 8/8
  4530 | Sewer    | Reached skill level 5 in Armour
  4833 | D:6      | Killed a two-headed ogre
  4834 | D:6      | Reached skill level 6 in Armour
  4835 | D:6      | Identified the +0 robe of the Hurricane {rF+ Int+3 Slay+3}
  5225 | D:7      | Reached XP level 9. HP: 84/84 MP: 9/9
  5530 | D:7      | Found a blossoming altar of Fedhas.
  5581 | D:7      | Reached skill level 7 in Armour
  5948 | D:8      | Noticed a two-headed ogre
  5960 | D:7      | Reached ***** piety under Trog
  6088 | D:7      | Killed a two-headed ogre
  6601 | D:8      | Reached skill level 8 in Armour
  6666 | D:8      | Received a gift from Trog
  6882 | D:8      | Reached XP level 10. HP: 85/95 MP: 7/10
  6936 | D:8      | Noticed Gastronok
  6960 | D:8      | Killed Gastronok
  7235 | D:9      | Noticed a two-headed ogre
  7248 | D:9      | Killed a two-headed ogre
  7249 | D:9      | Reached skill level 9 in Armour
  7575 | D:9      | Found a basalt altar of Yredelemnul.
  7667 | D:9      | Reached skill level 10 in Fighting
  7678 | D:9      | Noticed a two-headed ogre
  7687 | D:9      | Killed a two-headed ogre
  8299 | D:9      | Reached XP level 11. HP: 99/108 MP: 11/11
  8543 | D:9      | Found a white marble altar of Elyvilon.
  9060 | D:9      | Reached skill level 10 in Armour
  9081 | D:9      | Noticed a two-headed ogre
  9177 | D:10     | Entered Level 10 of the Dungeon
  9514 | D:10     | Found a hide-covered altar of Uskayaw.
  9514 | D:10     | Noticed a +0 short sword
  9514 | D:10     | Noticed a +0 falchion
  9514 | D:10     | Noticed a +0 spear
  9515 | D:10     | Noticed a +0 spear
  9516 | D:10     | Noticed a +0 dagger
  9517 | D:10     | Noticed a +0 dagger
  9518 | D:10     | Noticed a +0 falchion
  9518 | D:10     | Noticed a +0 short sword
  9562 | D:10     | Identified the +1 great mace of Joyful Slaughter {vamp, rN+
                  | Int+2 Stlth-}
  9752 | D:10     | Reached skill level 10 in Maces & Flails
 10111 | D:11     | Noticed a cyan ugly thing
 10121 | D:11     | Killed a cyan ugly thing
 10429 | D:11     | Noticed a two-headed ogre
 10438 | D:11     | Killed a two-headed ogre
 10845 | D:11     | Reached skill level 11 in Armour
 10924 | D:11     | Found a staircase to the Lair.
 11074 | D:11     | Found a sparkling altar of Nemelex Xobeh.
 11080 | D:11     | Found a runed translucent door.
 11161 | D:11     | Found a snail-covered altar of Cheibriados.
 11180 | D:11     | Found a radiant altar of Vehumet.
 11224 | D:11     | Noticed a flayed ghost
 11233 | D:11     | Found a shadowy altar of Dithmenos.
 11247 | D:11     | Killed a flayed ghost
 11251 | D:11     | Identified the +10 orcbow of Roikhoon {flame, Int+3 SInv
                  | Stlth+}
 11269 | D:11     | Found a radiant altar of Vehumet.
 11289 | D:11     | Found a radiant altar of Vehumet.
 11501 | D:11     | Reached XP level 12. HP: 120/120 MP: 12/12
 11593 | D:11     | Found a hazy altar of Hepliaklqana.
 11857 | Lair:1   | Entered Level 1 of the Lair of Beasts
 12543 | Lair:1   | Reached skill level 12 in Armour
 12831 | Lair:1   | You fall into a shaft and drop 1 floor!
 12835 | Lair:2   | Noticed a five-headed hydra
 12848 | Lair:2   | Killed a five-headed hydra
 12860 | Lair:2   | Noticed a death yak
 12862 | Lair:2   | Noticed a death yak
 12863 | Lair:2   | Noticed a death yak
 12863 | Lair:2   | Noticed a death yak
 12874 | Lair:2   | Killed a death yak
 13285 | Lair:2   | Noticed Urug
 13309 | Lair:2   | Killed Urug
 13310 | Lair:2   | Reached skill level 13 in Armour
 14052 | Lair:2   | Noticed Amaemon
 14069 | Lair:2   | Killed Amaemon
 14070 | Lair:2   | Reached XP level 13. HP: 102/131 MP: 10/13
 14376 | Lair:2   | Noticed Maggie
 14393 | Lair:2   | Killed Maggie
 14447 | Lair:2   | Reached skill level 1 in Throwing
 14447 | Lair:2   | Reached skill level 1 in Evocations
 14586 | Lair:2   | Identified the +1 plate armour of Going Fast {Rampage +Inv
                  | Regen+ Stlth-}
 14638 | Lair:2   | Noticed Nergalle
 14661 | Lair:2   | Killed Nergalle
 15095 | Lair:1   | Identified the +4 rapier "Ox" {pain, Fly rF- rC+}
 15659 | Lair:3   | Found a staircase to the Shoals.
 15683 | Lair:3   | Found a staircase to the Snake Pit.
 16089 | Lair:3   | Found a snail-covered altar of Cheibriados.
 16384 | Lair:3   | Reached skill level 14 in Armour
 18208 | Lair:4   | Reached XP level 14. HP: 141/141 MP: 10/14
 19179 | Lair:5   | Entered Level 5 of the Lair of Beasts
 19241 | Lair:5   | Found a viscous altar of Jiyva.
 19243 | Lair:5   | Found a staircase to the Slime Pits.
 19683 | Lair:5   | Reached skill level 5 in Evocations
 19949 | Lair:5   | Noticed Kirke
 19954 | Lair:5   | Reached skill level 5 in Throwing
 19958 | Lair:5   | Killed Kirke
 20045 | Lair:5   | Received a gift from Trog
 20046 | Lair:5   | Reached skill level 15 in Armour
 20501 | Lair:5   | Found a burning altar of Makhleb.
 20882 | Lair:5   | Found a gateway to Hell.
 21087 | Lair:5   | HP: 4/142 [hell beast (10)]
 21606 | Lair:5   | Identified the +8 glaive "Wemom" {elec, Int+5 SInv}
 22561 | D:1      | Bought a scroll labelled VUPPUBU POCW for 20 gold pieces
 22765 | D:12     | Noticed Rupert
 22790 | D:12     | Found Qurox's Jewellery Shoppe.
 22969 | D:12     | Noticed Fannar
 22989 | D:12     | Killed Fannar
 23151 | D:12     | Noticed Josephine
 23161 | D:12     | Killed Josephine
 23389 | D:12     | Noticed Erolcha
 23399 | D:12     | Killed Erolcha
 23462 | D:12     | Found a staircase to the Orcish Mines.
 23493 | D:12     | Paralysed by Rupert for 4 turns
 23543 | D:11     | Reached XP level 15. HP: 32/148 MP: 15/15
 24049 | D:12     | HP: 2/148 [Rupert/+2 heavy great sword (49)]
 24742 | D:12     | Reached skill level 15 in Fighting
 24827 | D:12     | Killed Rupert
 24890 | Orc:1    | Entered Level 1 of the Orcish Mines
 24965 | Orc:1    | Noticed Snorg
 24973 | Orc:1    | Killed Snorg
 25067 | Orc:1    | Noticed Maurice
 25083 | Orc:1    | Killed Maurice
 25325 | Orc:2    | Entered Level 2 of the Orcish Mines
 25369 | Orc:2    | Found Purr's General Store.
 25369 | Orc:2    | Found Luneesae's Magic Scroll Boutique.
 25399 | Orc:2    | Found a frozen archway.
 25539 | IceCv    | Entered an ice cave
 25889 | IceCv    | Reached skill level 16 in Armour
 26603 | IceCv    | Noticed a frost giant
 26615 | IceCv    | Killed a frost giant
 26937 | Orc:2    | Found a staircase to the Elven Halls.
 27129 | Orc:2    | Found Buxou's Weapon Shoppe.
 27143 | Orc:2    | HP: 7/150 [orc priest/divine providence (11)]
 27790 | Orc:2    | Paralysed by an orc sorcerer for 2 turns
 27879 | Orc:2    | Received a gift from Trog
 28730 | Orc:2    | Found Korrao Imep's Antique Armour Boutique.
 28737 | Orc:2    | Bought a potion of lignification for 36 gold pieces
 28737 | Orc:2    | Bought a potion of enlightenment for 60 gold pieces
 28737 | Orc:2    | Bought a scroll of enchant weapon for 90 gold pieces
 28742 | Orc:2    | Bought a scroll of blinking for 90 gold pieces
 28797 | Orc:2    | Bought a scroll of identify for 24 gold pieces
 28797 | Orc:2    | Bought a scroll of vulnerability for 48 gold pieces
 28797 | Orc:2    | Bought a scroll of immolation for 48 gold pieces
 28797 | Orc:2    | Bought a scroll of identify for 24 gold pieces
 28797 | Orc:2    | Bought a scroll of poison for 48 gold pieces
 28797 | Orc:2    | Bought a scroll of enchant armour for 90 gold pieces
 29375 | D:13     | Identified the ring of Ciavvesa {rPois rN+ MP+9}
 29849 | D:14     | Found a glowing silver altar of Zin.
 29851 | D:14     | Found a glowing golden altar of the Shining One.
 29853 | D:14     | Found a white marble altar of Elyvilon.
 30061 | D:14     | Reached XP level 16. HP: 140/160 MP: 16/16
 30321 | D:14     | Reached skill level 17 in Armour
 30357 | D:14     | Identified the +4 eveningstar "Zehylo" {flame, +Blink Fly
                  | rN+++ Dex-2} (Trog gifted it to you on level 14 of the
                  | Dungeon)
 30357 | D:14     | Received a gift from Trog
 30570 | D:14     | Found a gate to the Vaults.
 30977 | D:15     | Entered Level 15 of the Dungeon
 30995 | D:15     | Identified the +2 leather armour of Afaat {Int+3}
 31022 | D:15     | Reached skill level 1 in Shields
 31442 | D:15     | Reached skill level 5 in Shields
 31583 | D:15     | Found a staircase to the Depths.
 31714 | D:15     | Noticed Roxanne
 32315 | Snake:1  | Entered Level 1 of the Snake Pit
 32582 | Snake:1  | Found Ohubiu's Antique Armour Boutique.
 32591 | Snake:1  | Bought a pair of glowing gloves for 240 gold pieces
 33144 | Snake:1  | Found Diokeamp's General Store.
 33846 | Snake:2  | Reached skill level 10 in Shields
 33948 | Snake:2  | Reached skill level 1 in Stealth
 34040 | Snake:2  | Found a runed translucent gate.
 34040 | Snake:2  | Found a runed translucent gate.
 34040 | Snake:2  | Found a runed translucent gate.
 34060 | Snake:2  | Found an opulent altar of Gozag.
 34060 | Snake:2  | Found Igyoj's Assorted Antiques.
 34062 | Snake:2  | Noticed Newt's ghost (adept KoHu)
 34261 | Snake:2  | Received a gift from Trog
 34901 | Snake:2  | Reached XP level 17. HP: 94/169 MP: 17/17
 35352 | Snake:2  | Killed Newt's ghost
 36055 | Snake:2  | Bought a scroll of identify for 58 gold pieces
 36055 | Snake:2  | Bought a blue potion for 26 gold pieces
 36055 | Snake:2  | Bought a glowing helmet for 217 gold pieces
 36055 | Snake:2  | Bought an amethyst potion for 26 gold pieces
 36081 | Snake:3  | Noticed Saint Roka
 36259 | Snake:2  | Killed Saint Roka
 36503 | Snake:3  | Found Plog's General Store.
 36508 | Snake:3  | Found Zumn's Armour Emporium.
 36557 | Snake:3  | Noticed Vashnia
 36719 | Snake:3  | Killed Vashnia
 37071 | Snake:3  | Noticed Aizul
 37108 | Snake:3  | Slain by a mana viper

Illustrated notes

Levels and vault maps discovered:
D:1:      doesnt_arrival_eight_statues, layout_basic, serial_shops, shop,
          minmay_misc_feat_cross
D:2:      layout_basic, amcnicky_mini_pool_small
D:3:      layout_rooms, grunt_temple_overflow_lords_of_destruction,
          gammafunk_temple_overflow_claw, lemuel_round_altar, lemuel_tele_altar,
          evilmike_ruin_ashenzari, mainiacjoe_overflow_alcove_4
D:4:      layout_basic, minmay_temple_entry_mist, serial_shops,
          nicolae_shop_stone, nicolae_goblin_pals, uniq_crazy_yiuf_cottage
D:5:      layout_cave_pools, mainiacjoe_overflow_brackets
D:6:      layout_basic, dk_xom_monty_hall, gup_sewer_entry_pipe,
          minmay_misc_feat_plants, minmay_starry_boxes
D:7:      layout_loops_ring, mainiacjoe_overflow_paths
D:8:      layout_rooms, fungi_pond_lemuel, kennysheep_cross_bottleneck,
          kb_lookout_dungeons_type, hangedman_decor_lopped, uniq_gastronok
D:9:      layout_stronghold, mainiacjoe_overflow_small_starburst,
          lemuel_round_altar, evilmike_minifort
D:10:     layout_basic, nicolae_uskayaw_en_pointe, serial_bayou_pond_d
D:11:     due_megacathedral, layout_loops_cross, erik_lair_orcish_takeover,
          eino_tiny_chamber, minivault_19, minmay_splitting_lines,
          nicolae_hepliaklqana_hippocampus
D:12:     layout_roguey, orc_0_dummy, serial_glass, glass_columns_c,
          glass_columns_b, glass_columns_b, glass_columns_a, serial_shops,
          shop_statue, special_room [special_room_bee], uniq_josephine,
          uniq_erolcha, uniq_fannar, uniq_rupert
D:13:     layout_roguey
D:14:     layout_loops_ring, ximxim_vaults_locker_room, good_gods_mini_temple,
          st_stairs_7, kennysheep_small_circle
D:15:     grunt_enter_depths_magical_seal, layout_loops_ring,
          nicolae_figureground_sparkle, uniq_roxanne
Temple:   nicolae_temple_great_sept
Lair:1:   layout_roguey, mumra_transporter_accident, grunt_megastairs_4
Lair:2:   dpeg_oklob_shooting_range, layout_regular_city,
          chequers_serial_rivers_micro_e, uniq_amaemon, uniq_maggie,
          uniq_nergalle, uniq_urug
Lair:3:   wad_woods_04, layout_gridlike, shoals_dummy_entry,
          nicolae_snake_entry_warm_welcome, special_room
          [special_room_mythical_zoo], basic_altar, serial_bayou_pond_e
Lair:4:   layout_cave_shapes, beast_lair_carwin_4
Lair:5:   evil_forest, layout_cave_pods, minmay_slime_entry_pillars, uniq_kirke
Snake:1:  layout_honeycomb, serial_shops, nicolae_shop_back_alley_shop, shop,
          nicolae_snake_gridmaze_waves, st_stairs_3
Snake:2:  layout_grid_maze, ebering_ghost_gozag, serial_bayou_shore_b
Snake:3:  layout_cave_shapes, special_room, st_stairs_8, minmay_shop_star,
          uniq_vashnia, uniq_aizul, uniq_saint_roka
Orc:1:    layout_diamond_mine, uniq_maurice, uniq_snorg
Orc:2:    st_orc_elflike, layout_caves, portal_ice_cave_entry_ice_simulacra,
          nicolae_orc_crystal_geode

Skill      XL: |  1  2  3  4  5  6  7  8  9 10 11 12 13 14 15 16 17 |
---------------+----------------------------------------------------+-----
Maces & Flails | 3 4 5 6 7 8 9 10 11 13 14 | 14.0
Fighting       | 3 5 7 8 10 12 13 14 15 | 15.9
Armour         | 3 4 6 8 9 11 13 14 15 16 17 | 17.1
Dodging        | 2 |  2.0
Throwing       | 3 6 8 |  8.6
Evocations     | 4 6 8 9 |  9.3
Shields        | 11 13 | 13.1
Stealth        | 4 |  4.0

Action                     |  1- 3 |  4- 6 |  7- 9 | 10-12 | 13-15 | 16-18 || total
---------------------------+-------+-------+-------+-------+-------+-------++-------
  Melee: Mace              |    51 |       |       |       |       |       ||    51
         Tailslap          |     8 |     7 |    24 |    84 |   289 |   120 ||   532
         Battleaxe         |    44 |   114 |   186 |   369 |       |       ||   713
         Whip              |     2 |       |       |    20 |       |       ||    22
         Great mace        |       |       |       |   175 |  1348 |   321 ||  1844
         Demon whip        |       |       |       |       |   260 |       ||   260
         Punch             |       |       |       |       |     3 |       ||     3
         Eveningstar       |       |       |       |       |       |   415 ||   415
         Dagger            |       |       |       |       |       |    15 ||    15
 Invoke: Berserk           |       |     2 |     1 |     5 |     6 |    10 ||    24
         Trog's Hand       |       |       |       |     4 |    17 |     2 ||    23
         Brothers in Arms  |       |       |       |     2 |     4 |     2 ||     8
Ability: Evoke Invisibilit |       |       |       |       |     1 |       ||     1
  Evoke: Wand              |       |       |     1 |     1 |     3 |     3 ||     8
    Use: Scroll            |       |     3 |     2 |     6 |    19 |    11 ||    41
         Potion            |       |       |       |     1 |     9 |     3 ||    13
   Stab: Sleeping          |     1 |       |       |       |       |       ||     1
         Distracted        |       |       |       |     1 |     1 |       ||     2
         Invisible         |       |       |       |       |     2 |       ||     2
 Armour: Animal skin       |    44 |       |       |       |       |       ||    44
         Chain mail        |     6 |    50 |       |    67 |   208 |       ||   331
         Ring mail         |       |     2 |    82 |    73 |       |       ||   157
         Plate armour      |       |       |       |   249 |   417 |   556 ||  1222
         Swamp dragon scal |       |       |       |       |   605 |       ||   605
  Dodge: Dodged            |    48 |    34 |    70 |   210 |   803 |   218 ||  1383
  Block: Tower shield      |       |       |       |       |       |   392 ||   392

Table legend: (Time is in decaauts)
 A = Elapsed time spent in this place.
 B = Non-inter-level travel time spent in this place.
 C = Inter-level travel time spent in this place.
 D = Time resting spent in this place.
 E = Time spent auto-exploring this place.
 F = Levels seen in this place.
 G = Mean time per level.
                   A        B        C        D        E       F      G
               +--------+--------+--------+--------+--------+-----+--------+
         Total |  37200 |  35110 |   2090 |  10119 |  17069 |  28 | 1328.6 |
       Dungeon |  17361 |  15987 |   1374 |   3321 |   9344 |  15 | 1157.4 |
        Temple |      1 |      1 |      0 |      0 |      0 |   1 |    1.0 |
          Lair |  10648 |  10195 |    453 |   2961 |   4928 |   5 | 2129.6 |
     Snake Pit |   4722 |   4591 |    131 |   2025 |   1599 |   3 | 1574.0 |
  Orcish Mines |   2753 |   2623 |    130 |   1331 |    734 |   2 | 1376.5 |
         Sewer |    424 |    424 |      0 |      0 |     95 |   1 |  424.0 |
      Ice Cave |   1288 |   1288 |      0 |    479 |    369 |   1 | 1288.0 |
               +--------+--------+--------+--------+--------+-----+--------+

Top non-repeatable levels by time:
 Snake:2: 2907 daAuts
  Lair:5: 2636 daAuts
  Lair:2: 2605 daAuts
  Lair:3: 2435 daAuts
    D:11: 2314 daAuts
   Orc:2: 2243 daAuts
     D:9: 2006 daAuts
    D:12: 1662 daAuts
  Lair:1: 1559 daAuts
  Lair:4: 1412 daAuts
    D:14: 1345 daAuts
   IceCv: 1288 daAuts
 Snake:1: 1239 daAuts
     D:7: 1236 daAuts
    D:15: 1193 daAuts
